 Seeded DCSS version 0.30-a0-937-ga0a21ad780 (webtiles) character file.

Game seed: 3125986916090331667 (custom seed)

605 Parcival the Covert (level 7, -15/41 HPs)
             Began as a Kobold Brigand on Mar 24, 2023.
             Demolished by an ogre
             ... wielding a +0 giant club
              (34 damage)
             ... on level 5 of the Dungeon.
             The game lasted 00:09:39 (3948 turns).

Parcival the Covert (Kobold Brigand)                Turns: 3948, Time: 00:09:39

Health: -15/41     AC: 10    Str: 22    XL:     7   Next: 70%
Magic:  0/7        EV: 11    Int: 12    God:
Gold:   670        SH:  0    Dex: 25    Spells: 6/6 levels left

rFire   . . .      SeeInvis .    f - +6 quick blade (chaos)
rCold   . . .      Faith    .    (no shield)
rNeg    . . .      Spirit   +    t - +1 chain mail of Supple Strength {Harm Str+3}
rPois   .          Reflect  .    (no helmet)
rElec   .          Rampage  .    c - +0 cloak
rCorr   .          Harm     + .  (no gloves)
Will    .....                    (no boots)
Stlth   +++                      x - amulet of guardian spirit
HPRegen 0.26/turn                m - ring of Cuni {Str+5 Dex+6}
MPRegen 0.10/turn                h - +6 ring of strength

@: no status effects
A: small, no large weapons, nightstalker 3
a: no special abilities


You were on level 5 of the Dungeon.
You visited 1 branch of the dungeon, and saw 5 of its levels.

You collected 670 gold pieces.

Inventory:

Hand Weapons
 a - a +2 dagger
 f - a +6 quick blade of chaos (weapon)
Missiles
 d - 21 poisoned darts (quivered)
 e - 3 curare-tipped darts
Armour
 b - a +0 robe
 c - a +0 cloak (worn)
 t - the +1 chain mail of Supple Strength (worn) {Harm Str+3}
   (You found it on level 3 of the Dungeon)

   Str:       It affects your strength (+3).
   Harm:      It increases damage dealt and taken.
Jewellery
 h - a +6 ring of strength (right hand)
 j - an amulet of magic regeneration
 m - the ring of Cuni (left hand) {Str+5 Dex+6}
   (You acquired it on level 2 of the Dungeon)

   [ring of dexterity]

   Str:       It affects your strength (+5).
   Dex:       It affects your dexterity (+6).
 n - a ring of wizardry
 r - an amulet of reflection
 x - an amulet of guardian spirit (around neck)
Wands
 q - a wand of flame (20)
Scrolls
 g - 3 scrolls of teleportation
Potions
 i - 2 potions of heal wounds
 k - 2 potions of degeneration
 l - a potion of might
 o - a potion of resistance
 p - 2 potions of lignification
 v - a potion of brilliance {unknown}


   Skills:
 + Level 3.1 Fighting
 + Level 5.6 Short Blades
 + Level 2.3 Throwing
 + Level 1.8 Armour
 + Level 2.1 Dodging
 + Level 9.6 Stealth


You had 6 spell levels left.
You didn't know any spells.
Your spell library contained the following spells:

 Spells                   Type           Power      Damage    Failure   Level
 Sandblast                Erth           0%         2d4       97%         1
 Passwall                 Tmut/Erth      0%         N/A       99%         2
 Sublimation of Blood     Necr           0%         N/A       99%         2
 Inner Flame              Hex/Fire       0%         N/A       100%        3
 Stone Arrow              Conj/Erth      0%         3d7       100%        3
 Flame Wave               Conj/Fire      0%         2d4       100%        4
 Petrify                  Tmut/Erth      0%         N/A       100%        4
 Sticky Flame             Conj/Fire      0%         2d3       100%        4
 Irradiate                Conj/Tmut      0%         3d11      100%        5


Dungeon Overview and Level Annotations

Branches:
Dungeon (5/15)
 Temple: D:4-7

Altars:
Hepliaklqana
Okawaru

Shops:
D:3 :   D:5 (**?


Innate Abilities, Weirdness & Mutations

You are small and have problems with some larger weapons.
You are completely attuned to the shadows.


Message History

There is an open door here.
You open the door.
There is an open door here.
There is an open door here.
Done exploring.
Done exploring.
As you read the scroll of identify, it crumbles to dust.
p - 2 potions of lignification Done exploring.
There is a stone staircase leading down here.
You climb downwards.
Found a cloak and 9 gold pieces.
There is a stone staircase leading up here.
Found Kuxiet's Assorted Antiques.
You now have 660 gold pieces (gained 9).
A scorpion comes into view.
Found Tuexan's Magic Scroll Boutique and Istewn's Weapon Boutique.
A scorpion is nearby!
Found Keelodoj's General Store.
There is an entrance to Kuxiet's Assorted Antiques here.
A scorpion is nearby!
Found 10 gold pieces.
There is an entrance to Kuxiet's Assorted Antiques here.
There is an entrance to Tuexan's Magic Scroll Boutique here.
There is an entrance to Keelodoj's General Store here.
You now have 670 gold pieces (gained 10).
An ogre comes into view. It is wielding a +0 giant club.
There is an entrance to Istewn's Weapon Boutique here.
A water moccasin comes into view.
An orc comes into view. It is wielding a +0 mace.
The ogre shouts!
The ogre hits you with a +0 giant club!!
Ouch! That really hurt!
The water moccasin misses you. The orc barely misses you.
You hit the ogre but do no damage. You puncture the ogre! You burn the ogre.
The ogre is moderately wounded.
The ogre hits you with a +0 giant club!!
Ouch! That really hurt!
You die...

#########
#.^......###
...............#
.......♣.♣.♣.♣.#
........#.∩.#..#
...oOS.♣.♣.♣.♣.#
....@...∩...∩..#
.......♣.♣.♣.♣...
........#.∩.#..#.
.......♣.♣.♣.♣.#
................
.#......###
.......###
........#
[.......#


You could see a water moccasin, an ogre and an orc.

Vanquished Creatures
  A water moccasin (D:4)
  A centaur (D:4)
  A scorpion (D:4)
  A jelly (D:4)
  2 orc priests (D:4)
  2 iguanas (D:4)
  A sleepcap (D:4)
  Natasha (thrice) (D:2)
  A gnoll (D:1)
  3 adders
  A worm (D:2)
  2 dart slugs
  3 orcs
  7 endoplasms
  2 giant cockroaches
  5 hobgoblins
  4 jackals (D:4)
  4 quokkas
  9 ball pythons
  4 bats
  2 frilled lizards
  9 goblins
  11 kobolds
  4 rats
  2 butterflies (D:1)
85 creatures vanquished.

Notes
Turn   | Place    | Note
-------+----------+-------------------------------------------
     0 | D:1      | Parcival the Kobold Brigand began the quest for the Orb.
     0 | D:1      | Reached XP level 1. HP: 12/12 MP: 1/1
    52 | D:1      | Identified a scroll of acquirement
    52 | D:1      | Acquired a +4 quick blade of protection
   130 | D:1      | Reached XP level 2. HP: 17/18 MP: 2/2
   222 | D:1      | Reached skill level 6 in Stealth
   301 | D:1      | Reached XP level 3. HP: 22/22 MP: 3/3
  1144 | D:2      | Reached XP level 4. HP: 27/27 MP: 4/4
  1300 | D:2      | Reached skill level 7 in Stealth
  1461 | D:2      | Noticed Natasha
  1472 | D:2      | Killed Natasha
  1741 | D:2      | Noticed Natasha
  1746 | D:2      | Killed Natasha
  1747 | D:2      | Reached XP level 5. HP: 31/31 MP: 5/5
  2007 | D:2      | Noticed Natasha
  2017 | D:2      | Killed Natasha
  2021 | D:2      | Acquired the ring of Cuni {Str+5 Dex+6}
  2086 | D:3      | Found an iron altar of Okawaru.
  2213 | D:3      | Identified the +1 chain mail of Supple Strength {Harm
                  | Str+3}
  2669 | D:3      | Found Digoh's Book Boutique.
  3032 | D:4      | Found a hazy altar of Hepliaklqana.
  3041 | D:4      | Noticed a water moccasin
  3050 | D:4      | Killed a water moccasin
  3051 | D:4      | Reached skill level 8 in Stealth
  3051 | D:4      | Reached XP level 6. HP: 21/36 MP: 4/6
  3291 | D:4      | Acquired 475 gold pieces
  3346 | D:4      | Reached skill level 5 in Short Blades
  3346 | D:4      | Reached skill level 1 in Armour
  3346 | D:4      | Reached skill level 9 in Stealth
  3346 | D:4      | Reached XP level 7. HP: 31/41 MP: 5/7
  3915 | D:5      | Entered Level 5 of the Dungeon
  3919 | D:5      | Found Kuxiet's Assorted Antiques.
  3922 | D:5      | Found Tuexan's Magic Scroll Boutique.
  3922 | D:5      | Found Istewn's Weapon Boutique.
  3924 | D:5      | Found Keelodoj's General Store.
  3943 | D:5      | Noticed a water moccasin
  3948 | D:5      | Demolished by an ogre

Illustrated notes

Levels and vault maps discovered:
D:1:      amcnicky_arrival_single_pillar, layout_loops_cross,
          hangedman_glass_garden
D:2:      layout_loops_ring, dk_vineyard_1, uniq_natasha
D:3:      layout_basic, mainiacjoe_overflow_catwalk, serial_forest,
          infiniplex_forest_zigzag_1, infiniplex_forest_split,
          infiniplex_forest_end_double, infiniplex_forest_lined_room_,
          infiniplex_forest_corner_1, infiniplex_forest_lined_room_2,
          serial_shops, nicolae_shop_hallway_stairs
D:4:      layout_basic, old_standard_altar
D:5:      layout_rooms, minmay_temple_entry_drinking_statues,
          minmay_shop_grid_forest

Skill      XL: |  1  2  3  4  5  6 |
---------------+-------------------+-----
Short Blades   | 3 4 5 |  5.6
Stealth        | 6 7 8 9 |  9.6
Fighting       | 3 |  3.1
Armour         | 1 |  1.8
Dodging        | 2 |  2.1
Throwing       | |  2.3

Action                     |  1- 3 |  4- 6 |  7- 9 || total
---------------------------+-------+-------+-------++-------
  Melee: Quick blade       |    53 |    79 |    40 ||   172
         Dagger            |     3 |       |       ||     3
         Punch             |       |     1 |       ||     1
    Use: Scroll            |     3 |    11 |     1 ||    15
   Stab: Sleeping          |     9 |    13 |     3 ||    25
         Distracted        |     1 |       |       ||     1
         Paralysed         |     1 |       |       ||     1
 Armour: Robe              |     3 |       |       ||     3
         Chain mail        |       |    13 |     8 ||    21
  Dodge: Dodged            |    16 |    28 |     9 ||    53

Table legend: (Time is in decaauts)
 A = Elapsed time spent in this place.
 B = Non-inter-level travel time spent in this place.
 C = Inter-level travel time spent in this place.
 D = Time resting spent in this place.
 E = Time spent auto-exploring this place.
 F = Levels seen in this place.
 G = Mean time per level.
                   A        B        C        D        E       F      G
               +--------+--------+--------+--------+--------+-----+--------+
         Total |   3862 |   3398 |    464 |      2 |   2758 |   5 |  772.4 |
       Dungeon |   3862 |   3398 |    464 |      2 |   2758 |   5 |  772.4 |
               +--------+--------+--------+--------+--------+-----+--------+

Top non-repeatable levels by time:
     D:2: 1209 daAuts
     D:4: 945 daAuts
     D:3: 863 daAuts
     D:1: 810 daAuts
     D:5: 32 daAuts
